 Dungeon Crawl Stone Soup version 0.25-a0-365-g7600c65aa0 (webtiles) character file.

Game seed: 7285511699028957927, levelgen mode: deterministic

151 Nixze the Insei (level 5, -10/35 HPs)
             Began as an Octopode Transmuter on Jan 5, 2020.
             Killed by divine providence
             ... invoked by an orc priest
              (11 damage)
             ... on level 2 of the Dungeon.
             The game lasted 00:04:16 (2348 turns).

Nixze the Insei (Octopode Transmuter)               Turns: 2348, Time: 00:04:17

Health: -10/35     AC:  1    Str:  9    XL:     5   Next: 33%
Magic:  8/8        EV: 14    Int: 14    God:
Gold:   97         SH:  0    Dex: 13    Spells: 3/9 levels left

rFire    . . .     SeeInvis .     - Unarmed
rCold    . . .     Gourm    .   (no shield)
rNeg     . . .     Faith    .   (helmet restricted)
rPois    .         Spirit   .   (no amulet)
rElec    .         Reflect  .   d - -2 ring of intelligence (curse)
rCorr    .         Harm     .   e - ring of teleportation (curse)
MR       .....     Rnd*Tele +   (no ring)
Stlth    +++.......             (no ring)
HPRegen  0.11/turn              (no ring)
MPRegen  0.11/turn              (no ring)
                                (no ring)
                                (no ring)

@: appendage (expiring)
A: almost no armour, stealthy swim, amphibious, 8 rings, constrict 8, tentacle
spike 3, camouflage 1, gelatinous body 1
a: End Transformation


You were on level 2 of the Dungeon.
You were not hungry.
One of your tentacles had a temporary spike.
You visited 1 branch of the dungeon, and saw 3 of its levels.

You collected 97 gold pieces.

Inventory:

Missiles
 a - 12 arrows
Jewellery
 d - a cursed -2 ring of intelligence (left tentacle)
 e - a cursed ring of teleportation (right tentacle)
Scrolls
 b - 4 scrolls of identify
 g - a scroll of fear
 i - 2 scrolls of remove curse {unknown}
 k - a scroll of enchant weapon {unknown}
Potions
 f - a potion of resistance
 h - 2 potions of agility {unknown}
Comestibles
 c - a ration
 j - a chunk of flesh


   Skills:
 * Level 2.4 Fighting
 + Level 2.5 Dodging
 + Level 2.0 Stealth
 * Level 3.7 Unarmed Combat
 * Level 2.5 Spellcasting
 * Level 2.7 Transmutations
 - Level 1.2 Poison Magic


You had 3 spell levels left.
You knew the following spells:

 Your Spells              Type           Power        Failure   Level  Hunger
a - Beastly Appendage     Tmut           #.....       8%          1    #......
b - Sticks to Snakes      Tmut           #.......     11%         2    ###....
c - Spider Form           Tmut/Pois      #.........   30%         3    ###....

Your spell library contained the following spells:

 Spells                   Type           Power        Failure   Level  Hunger
 Ice Form                 Ice/Tmut       #.......     78%         4    #####..
 Blade Hands              Tmut           #.........   90%         5    ######.


Dungeon Overview and Level Annotations

Branches:
Dungeon (3/15)

Altars:
Ashenzari

Annotations:
D:2 Robin


Innate Abilities, Weirdness & Mutations

You cannot wear most types of armour.
You are very stealthy in the water. (Stealth+)
You are amphibious.
You can wear up to eight rings at the same time.
You can use your tentacles to constrict eight enemies at once.
Your skin changes colour to match your surroundings (Stealth+).
Your rubbery body absorbs attacks. (AC +1, EV +1)
One of your tentacles bears a large vicious spike.


Message History

* * * LOW HITPOINT WARNING * * *
You barely miss the orc. You grab the orc.
The orc is almost dead.
You constrict the orc.
You kill the orc!
You tentacle-slap the orc priest. You grab the orc priest.
The orc priest is moderately wounded.
You constrict the orc priest.
The orc throws a boomerang.
The boomerang hits you.
* * * LOW HITPOINT WARNING * * *
The weapon returns to the orc!
The orc priest hits you with a cursed -1 hand axe.
* * * LOW HITPOINT WARNING * * *
You barely miss the orc priest.
The orc priest is moderately wounded.
You constrict the orc priest.
The orc throws a boomerang.
The boomerang barely misses you.
The weapon returns to the orc!
The orc priest calls down the wrath of Beogh upon you.
Beogh smites you!
You die...

....#.#.##.# ##.....## ##.#
....#.#.##.# ##..)## #.#
...##...##.# ##'## #.#
.####.####.# #.# #.#
.........#.######.## #.#
..#.#.##...........#########.#
#.#.[... ..#####.........)...#
#.###.....## #......##########
#.# ####.## #.o@.........# #.#
.# #.)#########..# #.. #
#.o.o.....# #.# ###
#...#...#..##.# #...o
.....$#.## #..... .... #..#
#...... ... #..# ##..#... ..
#.)# #....... ###..#


You could see an orc priest and an orc.

Vanquished Creatures
  An orc wizard (D:2)
  Terence (D:2)
  3 adders (D:2)
  An ooze (D:1)
  A worm (D:3)
  2 dart slugs (D:3)
  A leopard gecko (D:1)
  2 orcs (D:2)
  5 bats
  3 giant cockroaches
  10 goblins
  9 hobgoblins
  8 kobolds
  A frilled lizard (D:2)
  3 rats (D:2)
51 creatures vanquished.

Notes
Turn   | Place    | Note
-------+----------+-------------------------------------------
     0 | D:1      | Nixze the Octopode Transmuter began the quest for the Orb.
     0 | D:1      | Reached XP level 1. HP: 13/13 MP: 3/3
   158 | D:1      | Reached XP level 2. HP: 18/18 MP: 3/5
   236 | D:1      | Reached skill level 1 in Stealth
   398 | D:1      | Reached XP level 3. HP: 17/24 MP: 4/6
  1022 | D:2      | Learned a level 2 spell: Sticks to Snakes
  1026 | D:2      | Learned a level 3 spell: Spider Form
  1411 | D:2      | Reached XP level 4. HP: 26/29 MP: 5/7
  1508 | D:2      | Noticed Robin
  2120 | D:2      | Found a shattered altar of Ashenzari.
  2148 | D:2      | Noticed Terence
  2157 | D:2      | Killed Terence
  2157 | D:2      | Reached XP level 5. HP: 24/35 MP: 6/8
  2344 | D:2      | Reached skill level 1 in Poison Magic
  2347 | D:2      | HP: 1/35 [orc priest/cursed -1 hand axe (2)]
  2348 | D:2      | Killed from afar by an orc priest

Levels and vault maps discovered:
D:1:      dpeg_arrival_another_circle, layout_basic,
          chequers_serial_rivers_micro_a
D:2:      cheibrodos_pilgrimage, layout_loops_corners, old_standard_altar,
          uniq_robin, uniq_terence
D:3:      layout_basic

Skill      XL: |  1  2  3  4  5 |
---------------+----------------+-----
Stealth        | 1 2 |  2.0
Fighting       | 2 |  2.4
Poison Magic   | 1 |  1.2
Dodging        | |  2.5
Unarmed Combat | |  3.7
Spellcasting   | |  2.5
Transmutations | |  2.7

Action                   |  1- 3 |  4- 6 || total
-------------------------+-------+-------++-------
Melee: Unarmed           |    54 |    52 ||   106
       Constrict         |    18 |    20 ||    38
       Kick              |    14 |    16 ||    30
       Tentacles         |    12 |     9 ||    21
       Punch             |     3 |     1 ||     4
 Cast: Beastly Appendage |    23 |    12 ||    35
  Use: Potion            |     2 |       ||     2
       Scroll            |       |     1 ||     1
 Stab: Sleeping          |     3 |     3 ||     6
  Eat: Chunk             |     2 |     3 ||     5
Armor: Skin              |     3 |     7 ||    10
Dodge: Dodged            |    31 |    29 ||    60

Table legend:
 A = Non-vault XP
 B = Vault XP
 C = Vault XP percentage of total XP
 D = Non-vault monster count
 E = Vault monster count
 F = Vault count percentage of total count
                 A         B        C        D         E       F
            +---------+---------+-------+---------+---------+-------
      Total |     125 |      92 |  42.4 |      43 |       8 |  15.7
            +---------+---------+-------+---------+---------+-------
        D:1 |      39 |       0 |   0.0 |      17 |       0 |   0.0
        D:2 |      66 |      90 |  57.7 |      19 |       7 |  26.9
        D:3 |      20 |       2 |   9.1 |       7 |       1 |  12.5
            +---------+---------+-------+---------+---------+-------
